 Dungeon Crawl Stone Soup version 0.31-a0-865-g3d5d91748a (webtiles) character file.

Game seed: 136798415248135439

800 MackTheKnife the Ruffian (level 7, 0/61 HPs)
             Began as a Troll Shapeshifter on Oct 10, 2023.
             Was a Follower of Okawaru.
             Slain by a water moccasin (2 damage)
             ... on level 5 of the Dungeon.
             The game lasted 00:03:17 (4086 turns).

MackTheKnife the Ruffian (Troll Shapeshifter)       Turns: 4086, Time: 00:03:18

Health: 0/61       AC:  4    Str: 23    XL:     7   Next: 59%
Magic:  6/6        EV:  9    Int:  6    God:    Okawaru [*.....]
Gold:   264        SH:  0    Dex: 11    Spells: 6/6 levels left

rFire   . .          .
                       - Unarmed
rCold   . . .        (no shield)
rNeg    . . .        a - +0 animal skin
rPois   .            (helmet currently unavailable)
rElec   .            (cloak currently unavailable)
rCorr   .            (gloves unavailable)
SInv    .            (boots unavailable)
Will    +....        (no amulet)
Stlth   +            (no ring)
HPRegen 1.10/turn    (no ring)
MPRegen 0.10/turn

%: no passive effects
@: confused, lethally poisoned (0 -> -9), beast-form, ambrosia-drunk,
attractive, enlightened, flying
A: beast (slay +3), large, unfitting armour, claws 3, regeneration 1, shaggy fur
1, tough skin 1
a: Begin Untransformation, Renounce Religion, Heroism


You were on level 5 of the Dungeon.
You worshipped Okawaru.
Okawaru was aware of your devotion.
You were a hulking beast.
You visited 2 branches of the dungeon, and saw 6 of its levels.

You collected 264 gold pieces.


Innate Abilities, Weirdness & Mutations

You are a hulking beast.
Your limbs bulge with bestial killing power. (Slay +3)
You are too large for most types of armour.
You have claws for hands.
Your natural rate of healing is unusually fast.
You are covered in fur. (AC +1)
You have tough skin. (AC +1)


   Skills:
 - Level 0.7 Fighting
 - Level 1.5 Dodging
 + Level 6.7 Unarmed Combat
 + Level 6.2 Shapeshifting


You had 6 spell levels left.
You didn't know any spells.
Your spell library contained the following spells:

 Spells                   Type           Power      Damage    Failure   Level
 Scorch                   Fire           0%         2d5       58%         2
 Inner Flame              Hex/Fire       0%         N/A       83%         3
 Flame Wave               Conj/Fire      0%         2d4       99%         4
 Sticky Flame             Conj/Fire      0%         2d3       99%         4
 Summon Cactus Giant      Summ           Unusable   N/A       N/A         6

Inventory:

Armour
 a - a +0 animal skin (worn)
Jewellery
 n - a ring of ice
   (You found it on level 3 of the Dungeon)
 p - a ring of ice
   (You found it on level 3 of the Dungeon)
Talismans
 c - a beast talisman (active)
 d - a flux talisman
Scrolls
 e - a scroll of identify {unknown}
 f - 4 scrolls of fog {unknown}
 h - 2 scrolls of noise {unknown}
 i - a scroll of amnesia {unknown}
 j - 3 scrolls of teleportation {unknown}
 m - 5 scrolls of poison {unknown}
 o - a scroll of revelation {unknown}
Potions
 b - 3 potions of lignification {!q}
 g - a potion of enlightenment
 l - a potion of curing {unknown}
 r - a potion of brilliance {unknown}
 s - a potion of heal wounds {unknown}

Dungeon Overview and Level Annotations

Branches:
Dungeon (5/15) Zot: 25950  Temple (1/1) D:4 Zot: 5986

Altars:
Ashenzari
Cheibriados
Elyvilon
Gozag
Makhleb
Okawaru
Sif Muna
Trog
Uskayaw
Xom
Yredelemnul
Zin
The Shining One

Shops:
D:4 =   D:5 [

Annotations:
D:5 Eustachio

##.####.###.#
#.#### #.#
##.##.#
#..#.. #.#
#....# ##...#
#.# ##..##
##.## #.#
#### ### #.#
#.## #..## .
##.h# . ##.S#
. ##..# .
#... . #... .
#### .


You could see a water moccasin.


Message History

Key pressed, stopping explore.
Key pressed, stopping explore.
s - a brown potion Key pressed, stopping explore.
Key pressed, stopping explore.
A water moccasin comes into view.
The water moccasin hisses angrily.
A water moccasin is nearby!
The water moccasin closely misses you.
You barely miss the water moccasin. Your claw misses the water moccasin.
The water moccasin closely misses you.
Eustachio the Magnificent comes into view.
He is wielding a +0 rapier.
You miss the water moccasin.
The water moccasin bites you! x2 😕 HP[-14]
You take 14 damage, and now have 47/61 hp.
MASSIVE DAMAGE!! (PAUSE)
You scratch the water moccasin.
The water moccasin barely misses you. 😕 HP[+1]
You barely miss the water moccasin. The water moccasin bites you.
You are poisoned.
The water moccasin poisons you! 😮 HP[-5]
You take 5 damage, and now have 43/61 hp.
Unknown command.
Unknown command.
You barely miss the water moccasin.
You feel very sick.
The water moccasin bites you but does no damage. 😮 HP[-2]
You take 2 damage, and now have 41/61 hp.
Unknown command.
You mangle the water moccasin!!
You feel sick. The water moccasin barely misses you.
The water moccasin bites you.
You are more poisoned.
The water moccasin poisons you! 😮 HP[-4]
You take 4 damage, and now have 37/61 hp.
You barely miss the water moccasin.
You feel very sick. The water moccasin bites you.
You are more poisoned.
The water moccasin poisons you! 😮 HP[-4]
You take 4 damage, and now have 33/61 hp.
You barely miss the water moccasin.
You feel very sick.
The water moccasin barely misses you. 😨 HP[-5]
You take 5 damage, and now have 28/61 hp.
Unknown command.
You barely miss the water moccasin.
You feel very sick. The water moccasin bites you.
* * * LOW HITPOINT WARNING * * *
😨 HP[-6]
You take 6 damage, and now have 22/61 hp.
Unknown command.
You miss the water moccasin. Your claw misses the water moccasin.
You feel very sick.
The water moccasin barely misses you. 😨 HP[-2]
You take 2 damage, and now have 20/61 hp.
Unknown command.
You closely miss the water moccasin.
You feel very sick. The water moccasin closely misses you.
The water moccasin bites you.
* * * LOW HITPOINT WARNING * * *
😱 HP[-8]
You take 8 damage, and now have 12/61 hp.
Unknown command.
You barely miss the water moccasin.
You feel sick.
The water moccasin barely misses you. 😱 HP[-1]
You take 1 damage, and now have 11/61 hp.
Unknown command.
It was a potion of enlightenment.
You feel very buoyant.
You fly up into the air.
You feel very sick.
The water moccasin barely misses you. 😱 HP[-2]
You take 2 damage, and now have 9/61 hp.
You miss the water moccasin.
You feel sick. The water moccasin barely misses you.
Unknown command.
It was a potion of attraction.
You feel attractive to monsters.
You feel sick. The water moccasin bites you.
* * * LOW HITPOINT WARNING * * *
You are lethally poisoned!
The water moccasin poisons you!
The water moccasin barely misses you. 😱 HP[-7]
You take 7 damage, and now have 2/61 hp.
It was a potion of ambrosia.
You are confused.
You feel invigorated.
* * * LOW HITPOINT WARNING * * *
You feel very sick. The water moccasin bites you.
You die...

Skill      XL: |  1  2  3  4  5  6  7 |
---------------+----------------------+-----
Unarmed Combat | 4 5 6 |  6.7
Shapeshifting  | 4 5 6 |  6.2
Fighting       | |  0.7
Dodging        | |  1.5

Action                     |  1- 3 |  4- 6 |  7- 9 || total
---------------------------+-------+-------+-------++-------
  Melee: Unarmed           |    80 |   126 |    49 ||   255
         Punch             |     4 |     2 |     4 ||    10
    Use: Potion            |       |       |     4 ||     4
   Stab: Sleeping          |     1 |       |       ||     1
 Armour: Animal skin       |    53 |    80 |    27 ||   160
         Skin              |       |       |     4 ||     4
  Dodge: Dodged            |    35 |    47 |    25 ||   107

Levels and vault maps discovered:
D:1:      dpeg_arrival_stone_temple_mockup, layout_loops_ring, minmay_bisected
D:2:      layout_basic
D:3:      layout_rooms, elyvilon_altar_1, minmay_close_crescents
D:4:      layout_basic, minmay_temple_entry_large_hall, serial_shops, shop,
          minmay_mini_ossuary
D:5:      layout_layer_cave, serial_shops, nicolae_shop_advertising_works
          [nicolae_subvault_shop_adworks], uniq_eustachio, uniq_edmund
Temple:   hellmonk_temple_two_chambers

Notes
Turn   | Place    | Note
-------+----------+-------------------------------------------
     0 | D:1      | MackTheKnife the Troll Shapeshifter began the quest for the
                  | Orb.
     0 | D:1      | Reached XP level 1. HP: 18/18 MP: 0/0
     0 | D:1      | magus.rc [v1.9.6]
   495 | D:1      | Reached XP level 2. HP: 26/26 MP: 1/1
  1092 | D:2      | Reached XP level 3. HP: 31/32 MP: 2/2
  1608 | D:3      | Reached skill level 4 in Unarmed Combat
  1640 | D:3      | Reached XP level 4. HP: 19/40 MP: 3/3
  1645 | D:3      | Reached skill level 4 in Shapeshifting
  1716 | D:3      | Found a white marble altar of Elyvilon.
  1977 | D:3      | Reached XP level 5. HP: 46/46 MP: 4/4
  1991 | D:3      | You pick up a book of Scorching and begin reading...
  1991 | D:3      | You add the spells Scorch, Flame Wave and Summon Cactus
                  | Giant to your library.
  2137 | D:4      | Found Vehomyzay's Jewellery Shop.
  2210 | D:4      | Reached skill level 5 in Unarmed Combat
  2267 | D:4      | Found a staircase to the Ecumenical Temple.
  2276 | Temple   | Entered the Ecumenical Temple
  2283 | Temple   | Became a worshipper of Warmaster Okawaru
  2405 | D:4      | Noticed a black bear
  2412 | D:4      | Killed a black bear
  2413 | D:4      | Reached skill level 5 in Shapeshifting
  2413 | D:4      | Reached XP level 6. HP: 35/54 MP: 5/5
  3269 | D:5      | Entered Level 5 of the Dungeon
  3278 | D:5      | Reached skill level 6 in Unarmed Combat
  3295 | D:5      | Reached XP level 7. HP: 47/61 MP: 6/6
  3483 | D:5      | Noticed Edmund
  3505 | D:5      | HP: 5/61 [Edmund/+2 flail of protection (13)]
  3510 | D:5      | HP: 7/91 [Edmund/+2 flail of protection (2)]
  3513 | D:5      | Killed Edmund
  3513 | D:5      | Reached * piety under Okawaru
  3514 | D:5      | Reached skill level 6 in Shapeshifting
  3602 | D:5      | You pick up a book of Flames and begin reading...
  3602 | D:5      | You add the spells Inner Flame and Sticky Flame to your
                  | library.
  3937 | D:5      | Found Fuoklum's Armour Shop.
  4071 | D:5      | Noticed Eustachio
  4081 | D:5      | HP: 12/61 [water moccasin (6)]
  4085 | D:5      | HP: 2/61 [water moccasin (6)]
  4086 | D:5      | Slain by a water moccasin

Vanquished Creatures
  Edmund (D:5)
  2 black bears
  A phantom (D:5)
  A howler monkey (D:4)
  4 orc priests (D:3)
  A hound (D:5)
  An orc wizard (D:4)
  A sleepcap (D:4)
  An iguana (D:4)
  A mummy (D:4)
  3 adders
  3 gnolls (D:5)
  A worm (D:3)
  4 dart slugs
  16 orcs
  A bat (D:1)
  10 endoplasms
  3 giant cockroaches
  3 hobgoblins
  8 kobolds
  4 quokkas (D:2)
  5 ball pythons
  7 frilled lizards
  6 goblins
  2 kobold zombies (D:4)
  2 orc zombies (D:4)
  4 rats
96 creatures vanquished.

Table legend:
 A = Non-vault XP
 B = Vault XP
 C = Vault XP percentage of total XP
 D = Non-vault monster count
 E = Vault monster count
 F = Vault count percentage of total count
                 A         B        C        D         E       F
            +---------+---------+-------+---------+---------+-------
      Total |     959 |     185 |  16.2 |      87 |       9 |   9.4
            +---------+---------+-------+---------+---------+-------
        D:1 |      17 |       3 |  15.0 |      11 |       2 |  15.4
        D:2 |      46 |       0 |   0.0 |      20 |       0 |   0.0
        D:3 |     222 |       2 |   0.9 |      25 |       1 |   3.8
        D:4 |     363 |      22 |   5.7 |      24 |       5 |  17.2
        D:5 |     311 |     158 |  33.7 |       7 |       1 |  12.5
            +---------+---------+-------+---------+---------+-------

Skill      XL: |  1  2  3  4  5  6  7 |
---------------+----------------------+-----
Unarmed Combat | 4 5 6 |  6.7
Shapeshifting  | 4 5 6 |  6.2
Fighting       | |  0.7
Dodging        | |  1.5

Action                     |  1- 3 |  4- 6 |  7- 9 || total
---------------------------+-------+-------+-------++-------
  Melee: Unarmed           |    80 |   126 |    49 ||   255
         Punch             |     4 |     2 |     4 ||    10
    Use: Potion            |       |       |     4 ||     4
   Stab: Sleeping          |     1 |       |       ||     1
 Armour: Animal skin       |    53 |    80 |    27 ||   160
         Skin              |       |       |     4 ||     4
  Dodge: Dodged            |    35 |    47 |    25 ||   107

Illustrated notes

Table legend:
 A = Kills in this place as a percentage of kills in the entire game.
 B = Kills by you in this place as a percentage of kills by you in the entire game.
 C = Kills by friends in this place as a percentage of kills by friends in the entire game.
 D = Other kills in this place as a percentage of other kills in the entire game.
 E = Experience gained in this place as a percentage of experience gained in the entire game.
 F = Experience gained in this place divided by the number of levels of this place that you have seen.
                   A       B       C       D       E      F
               +-------+-------+-------+-------+-------+----------------------
         Total | 100.0 | 100.0 |   N/A |   N/A | 100.0 | 190.7
       Dungeon | 100.0 | 100.0 |   N/A |   N/A | 100.0 | 228.8
               +-------+-------+-------+-------+-------+----------------------

Table legend: (Time is in decaauts)
 A = Elapsed time spent in this place.
 B = Non-inter-level travel time spent in this place.
 C = Inter-level travel time spent in this place.
 D = Time resting spent in this place.
 E = Time spent auto-exploring this place.
 F = Levels seen in this place.
 G = Mean time per level.
                   A        B        C        D        E       F      G
               +--------+--------+--------+--------+--------+-----+--------+
         Total |   4062 |   3912 |    150 |    141 |   3250 |   6 |  677.0 |
       Dungeon |   4048 |   3904 |    144 |    141 |   3250 |   5 |  809.6 |
        Temple |     13 |      7 |      6 |      0 |      0 |   1 |   13.0 |
               +--------+--------+--------+--------+--------+-----+--------+

Top non-repeatable levels by time:
     D:4: 1114 daAuts
     D:5: 809 daAuts
     D:2: 762 daAuts
     D:1: 746 daAuts
     D:3: 614 daAuts
  Temple: 13 daAuts
